 Dungeon Crawl Stone Soup version 0.26-a0-682-g294304f6e8 (webtiles) character file.

Game seed: 15805365858084112343

238 dickylongcocking the Chopper (level 5, -2/46 HPs)
             Began as a Deep Dwarf Fighter on Oct 21, 2020.
             Slain by a worm (6 damage)
             ... on level 2 of the Dungeon.
             The game lasted 00:01:06 (1366 turns).

dickylongcocking the Chopper (Deep Dwarf Fighter)   Turns: 1366, Time: 00:01:06

Health: -2/46      AC:  8    Str: 20      XL:     5   Next: 78%
Magic:  5/5        EV:  7    Int:  8 (9)  God:
Gold:   95         SH:  9    Dex: 12      Spells: 4/4 levels left

rFire    + . .     SeeInvis .   a - +0 war axe
rCold    + . .     Faith    .   c - +0 kite shield
rNeg     . . .     Spirit   .   b - +0 scale mail
rPois    +         Reflect  .   (no helmet)
rElec    +         Harm     .   k - scarf {+Inv}
rCorr    +         Rampage  .   e - +0 pair of gloves (curse)
MR       .....                  (no boots)
Stlth    ..........             (no amulet)
HPRegen  0.00/turn              (no ring)
MPRegen  0.09/turn              (no ring)

@: resistant, non-regenerating
A: damage resistance, heal wounds, sense surroundings 1, no regeneration
a: Heal Wounds, Evoke Invisibility


You were on level 2 of the Dungeon.
You visited 1 branch of the dungeon, and saw 2 of its levels.

You collected 95 gold pieces.

Inventory:

Hand Weapons
 a - a +0 war axe (weapon)
Armour
 b - a +0 scale mail (worn)
 c - a +0 kite shield (worn)
 e - a cursed +0 pair of gloves (worn)
 k - a scarf of invisibility (worn)
Jewellery
 d - an uncursed ring of positive energy {unknown}
Scrolls
 f - a scroll of amnesia {unknown}
 g - 2 scrolls of enchant armour {unknown}
 i - a scroll of teleportation {unknown}
 j - 2 scrolls of remove curse {unknown}
 n - a scroll of identify {unknown}
Potions
 l - a potion of magic


   Skills:
 - Level 2.6 Fighting
 * Level 6.7 Axes
 - Level 3.2 Armour
 - Level 3.2 Shields


You had 4 spell levels left.
You didn't know any spells.
Your spell library was empty.

Dungeon Overview and Level Annotations

Branches:
Dungeon (2/15)

Altars:


Innate Abilities, Weirdness & Mutations

You are resistant to damage.
You can heal yourself by infusing magical energy.
You passively map a small area around you.
You do not regenerate.


Message History

There is an open door here.
A worm comes into view.
Found an escape hatch in the ceiling and an escape hatch in the floor.
Found a stone staircase leading down.
A worm is nearby!
You are too injured to fight recklessly!
A worm is nearby!
You are too injured to fight recklessly!
A worm is nearby!
You are too injured to fight recklessly!
The worm bites you!
* * * LOW HITPOINT WARNING * * *
You hit the worm but do no damage. You hit the worm.
The worm is moderately wounded.
The worm bites you but does no damage.
You slash the worm!
The worm is severely wounded.
The worm bites you!
You die...

* , , #### #.####...
..# #... #...>...
....>. ,+... #.......
..$... ###...
#......#..............
#..<...#.#..##.#######
#....................<
#......##....#.#..####
#...w@.....).#.##.#...
########.....#.......#
####.....#####...#
#................#
#........####.#+##
#...........#.#,
#........#....#
#.#......######
#.'...†.†......,


You could see a worm.

Vanquished Creatures
  Sigmund (D:2)
  A howler monkey (D:2)
  An adder (D:2)
  2 worms (D:2)
  3 leopard geckos (D:2)
  2 giant cockroaches (D:2)
  3 goblins
  2 hobgoblins (D:1)
  2 jackals (D:2)
  3 kobolds
  2 bats (D:2)
  A frilled lizard (D:2)
  3 rats (D:2)
26 creatures vanquished.

Notes
Turn   | Place    | Note
-------+----------+-------------------------------------------
     0 | D:1      | dickylongcocking the Deep Dwarf Fighter began the quest for
                  | the Orb.
     0 | D:1      | Reached XP level 1. HP: 20/20 MP: 1/1
   719 | D:2      | Reached skill level 3 in Axes
   720 | D:2      | Reached XP level 2. HP: 21/27 MP: 2/2
   777 | D:2      | Noticed a howler monkey
   789 | D:2      | Killed a howler monkey
   789 | D:2      | Reached skill level 4 in Axes
   789 | D:2      | Reached XP level 3. HP: 25/33 MP: 3/3
   947 | D:2      | Reached XP level 4. HP: 22/40 MP: 4/4
   970 | D:2      | Noticed Sigmund
  1003 | D:2      | Killed Sigmund
  1003 | D:2      | Reached skill level 6 in Axes
  1003 | D:2      | Reached XP level 5. HP: 17/46 MP: 5/5
  1366 | D:2      | Slain by a worm

Illustrated notes

Levels and vault maps discovered:
D:1:      nagdon_arrival_double_spiral, layout_basic
D:2:      layout_basic, uniq_sigmund

Skill      XL: |  1  2  3  4 |
---------------+-------------+-----
Axes           | 3 4 6 |  6.7
Fighting       | |  2.6
Armour         | |  3.2
Shields        | |  3.2

Action                   |  1- 3 |  4- 6 || total
-------------------------+-------+-------++-------
Melee: War axe           |    35 |    46 ||    81
  Use: Potion            |     1 |     6 ||     7
Armor: Scale mail        |    10 |    15 ||    25
       Skin              |       |    13 ||    13
Dodge: Dodged            |     7 |    15 ||    22
Block: Kite shield       |    16 |    16 ||    32

Table legend: (Time is in decaauts)
 A = Elapsed time spent in this place.
 B = Non-inter-level travel time spent in this place.
 C = Inter-level travel time spent in this place.
 D = Time resting spent in this place.
 E = Time spent auto-exploring this place.
 F = Levels seen in this place.
 G = Mean time per level.
                   A        B        C        D        E       F      G
               +--------+--------+--------+--------+--------+-----+--------+
         Total |   1397 |   1334 |     63 |    113 |    992 |   2 |  698.5 |
       Dungeon |   1397 |   1334 |     63 |    113 |    992 |   2 |  698.5 |
               +--------+--------+--------+--------+--------+-----+--------+

Top non-repeatable levels by time:
     D:1: 704 daAuts
     D:2: 693 daAuts
